 Dungeon Crawl Stone Soup version 0.30-a0-364-gf6b3ef1049 (webtiles) character file.

Game seed: 10041453044350043290

6497 LnG the Covert (level 11, -1/61 HPs)
             Began as a Kobold Summoner on Nov 14, 2022.
             Was a Follower of Dithmenos.
             Succumbed to a meliai's poison
             ... on level 10 of the Dungeon.
             The game lasted 00:22:24 (10212 turns).

LnG the Covert (Kobold Summoner)                   Turns: 10212, Time: 00:22:25

Health: -1/61      AC:  2    Str:  5    XL:     11   Next: 19%
Magic:  19/19      EV: 20    Int: 21    God:    Dithmenos [*.....]
Gold:   563        SH:  0    Dex: 16    Spells: 8/21 levels left

rFire   . . .      SeeInvis .    H - +2 dagger (venom)
rCold   . . .      Faith    .    (no shield)
rNeg    + . .      Spirit   .    a - +0 robe
rPois   .          Reflect  .    (no helmet)
rElec   .          Harm     .    C - scarf {+Inv}
rCorr   +          Rampage  .    (no gloves)
Will    +....                    (no boots)
Stlth   ++++++++..               B - amulet of the acrobat
HPRegen 0.30/turn                q - ring of willpower
MPRegen 0.16/turn                y - ring "Hafec" {rN+ rCorr}

@: lethally poisoned (-1 -> -12), wreathed by umbra
A: small, no large weapons, nightstalker 3
a: Renounce Religion, Evoke Invisibility


You were on level 10 of the Dungeon.
You worshipped Dithmenos.
Dithmenos was aware of your devotion.
You visited 2 branches of the dungeon, and saw 11 of its levels.

You collected 563 gold pieces.

Inventory:

Hand Weapons
 i - a +0 dagger of venom
 H - a +2 dagger of venom (weapon)
Armour
 a - a +0 robe (worn)
 C - a scarf of invisibility (worn)
Jewellery
 q - a ring of willpower (left hand)
 s - an amulet of faith
 t - a ring of magical power
 y - the ring "Hafec" (right hand) {rN+ rCorr}
   (You found it on level 6 of the Dungeon)

   [ring of resist corrosion]

   rN:        It protects you from negative energy.
   rCorr:     It protects you from acid and corrosion.
 B - an amulet of the acrobat (around neck)
 D - a ring of fire
 F - the amulet of Elemental Vulnerability {rPois rF-- rC-- AC+8}
   (You found it on level 8 of the Dungeon)

   [amulet of nothing]

   AC:        It affects your AC (+8).
   rF:        It makes you very vulnerable to fire.
   rC:        It makes you very vulnerable to cold.
   rPois:     It protects you from poison.
Scrolls
 e - 2 scrolls of fog
 g - a scroll of noise
 j - 2 scrolls of brand weapon
 l - 5 scrolls of enchant armour
 m - a scroll of poison
 u - a scroll of amnesia
 w - 2 scrolls of vulnerability
 A - a scroll of immolation {unknown}
 G - a scroll of acquirement {unknown}
Potions
 b - a potion of magic
 c - 2 potions of heal wounds {unknown}
 d - 2 potions of brilliance
 f - 2 potions of degeneration
 h - a potion of curing
 k - a potion of attraction {unknown}
 n - a potion of invisibility {unknown}
 v - 3 potions of berserk rage {unknown}
 E - a potion of might {unknown}
Miscellaneous
 p - a piece from Xom's chessboard (15/15)


   Skills:
 + Level 4.1 Fighting
 + Level 7.0 Short Blades
 * Level 9.4 Dodging
 * Level 14.6 Stealth
 + Level 5.7 Spellcasting
 + Level 1.4 Hexes
 + Level 6.4 Summonings
 + Level 0.5 Air Magic


You had 8 spell levels left.
You knew the following spells:

 Your Spells              Type           Power      Damage    Failure   Level
a - Summon Small Mammal   Summ           100%       N/A       1%          1
b - Call Imp              Summ           33%        N/A       1%          2
c - Call Canine Familiar  Summ           33%        N/A       2%          3
d - Summon Guardian Gole  Hex/Summ       22%        N/A       6%          3
e - Summon Lightning Spi  Summ/Air       20%        N/A       24%         4

Your spell library contained the following spells:

 Spells                   Type           Power      Damage    Failure   Level
 Sublimation of Blood     Necr           5%         N/A       16%         2
 Inner Flame              Hex/Fire       8%         N/A       22%         3
 Kindle Blastsparks       Fire/Tloc/Air  12%        2d11      28%         3
 Ignite Poison            Fire/Tmut/Pois 5%         N/A       30%         3
 Cause Fear               Hex            5%         N/A       50%         4
 Flame Wave               Conj/Fire      5%         2d5       69%         4
 Petrify                  Tmut/Erth      5%         N/A       69%         4
 Sticky Flame             Conj/Fire      5%         2d3       69%         4
 Freezing Cloud           Conj/Ice/Air   3%         6-21      95%         5
 Irradiate                Conj/Tmut      2%         3d12      95%         5
 Discord                  Hex            5%         N/A       100%        8


Dungeon Overview and Level Annotations

Branches:
Dungeon (10/15)            Temple (1/1) D:5
   Lair: D:8-11         Orc: D:9-12

Altars:
Ashenzari
Dithmenos
Elyvilon
Gozag
Hepliaklqana
Kikubaaqudgha
Makhleb
Nemelex Xobeh
Okawaru
Qazlal
Sif Muna
Trog
Uskayaw
Vehumet
Wu Jian
Xom
Zin
The Shining One

Shops:
D:1 ?==   D:4 :

Annotations:
D:4 2 transporters, CabbageHands's ghost, amateur HORe


Innate Abilities, Weirdness & Mutations

You are small and have problems with some larger weapons.
You are completely attuned to the shadows.


Message History

The kobold brigand is severely wounded.
Your hound bites the kobold brigand.
The kobold brigand barely misses your hound.
You closely miss the kobold brigand.
The kobold brigand is severely wounded.
Your hound barely misses the kobold brigand.
You barely miss the kobold brigand.
The kobold brigand is almost dead.
Your hound bites the kobold brigand.
The kobold brigand dies!
Dithmenos accepts your kill.
Things that are here:
a +0 club; 2 poisoned darts You start resting.
Magic restored.
You start resting.
A meliai comes into view. It is wielding a +0 hand axe.
Your hound closely misses the meliai.
You hit the meliai.
The meliai is poisoned.
The meliai is lightly wounded.
The meliai hits you with a +0 hand axe. The meliai closely misses your hound.
The meliai misses you.
Your hound closely misses the meliai.
The meliai calls down the wrath of its god upon you.
Something smites you!
You barely miss the meliai.
The meliai is lightly wounded.
Your hound misses the meliai. The meliai hits you with a +0 hand axe.
The meliai hits your hound with a +0 hand axe!
The meliai closely misses you.
You hit the meliai but do no damage.
The meliai is moderately wounded.
The meliai hits you with a +0 hand axe!
* * * LOW HITPOINT WARNING * * *
The meliai closely misses your hound. The meliai stings you!
* * * LOW HITPOINT WARNING * * *
You are lethally poisoned!
The meliai poisons you!
Your hound barely misses the meliai.
As you read the scroll of fear, it crumbles to dust.
You assume a fearsome visage.
The meliai looks frightened!
You die...

# #..# # #..# # #..#
#########..####################
...................†..>........
...###########.......<.........
##.# #...############## #.# #...#
##.###########.y@################
...[...........h.)<..............
............)....................
......................###########
...........#########..#
..................##..#
....####.....####.##..###########
....# ##...## #................
....# ##.## #................


You could see a meliai (fleeing, very poisoned, ally target) and a friendly
hound (summoned).

Vanquished Creatures
  2 two-headed ogres (D:10)
  An unseen horror (D:10)
  A wraith (D:10)
  3 yaks
  A steam dragon (D:6)
  3 vampire mosquitoes (D:10)
  Menkaure (D:7)
  A water moccasin (D:7)
  A black bear (D:7)
  2 orc warriors
  2 ice beasts
  A centaur (D:8)
  4 phantoms
  3 bullfrogs (D:8)
  3 scorpions
  A necrophage (D:5)
  Dowan (D:7)
  A killer bee (D:7)
  7 howler monkeys
  5 jellies
  A hound (D:5)
  A gnoll bouda (D:4)
  3 orc priests
  Natasha (twice) (D:4)
  5 iguanas
  7 orc wizards
  8 gnolls
  9 adders
  A worm (D:4)
  2 dart slugs
  12 orcs
  8 bats
  7 endoplasms
  2 giant cockroaches
  3 hobgoblins
  6 jackals (D:2)
  5 quokkas
  5 ball pythons
  2 frilled lizards
  5 goblins
  5 kobolds
  4 rats
  2 rat zombies (D:4)
149 creatures vanquished.

Vanquished Creatures (collateral kills)
  A kobold brigand (D:10)
  A gnoll bouda (D:4)
  Natasha (D:4)
  3 gnolls
  A dart slug (D:2)
  A ball python (D:1)
  An endoplasm (D:1)
  2 goblins
  A hobgoblin (D:1)
  2 jackals (D:2)
  A kobold (D:1)
  A quokka (D:1)
  2 rats
  A butterfly (D:4)
19 creatures vanquished.

Vanquished Creatures (others)
  A hornet (D:8)
  3 yaks (D:8)
  Duvessa (D:7)
  An orc warrior (D:8)
  A scorpion (D:7)
  A gnoll sergeant (D:5)
  2 killer bees (D:7)
  3 gnolls (D:4)
  28 plants (D:9)
41 creatures vanquished.

Grand Total: 209 creatures vanquished

Notes
Turn   | Place    | Note
-------+----------+-------------------------------------------
     0 | D:1      | LnG the Kobold Summoner began the quest for the Orb.
     0 | D:1      | Reached XP level 1. HP: 10/10 MP: 3/3
   258 | D:1      | Found Qionoon's Jewellery Shop.
   270 | D:1      | Found Uqetsiot's Jewellery Emporium.
   309 | D:1      | Reached XP level 2. HP: 15/15 MP: 5/5
   321 | D:1      | Learned a level 2 spell: Call Imp
   402 | D:1      | Reached skill level 3 in Stealth
   658 | D:1      | Found Xefag's Magic Scroll Boutique.
   716 | D:1      | Reached XP level 3. HP: 20/20 MP: 6/6
   720 | D:1      | Learned a level 3 spell: Call Canine Familiar
  1169 | D:2      | Reached XP level 4. HP: 11/24 MP: 1/7
  1541 | D:2      | Found a glowing silver altar of Zin.
  1833 | D:3      | Reached skill level 4 in Stealth
  2001 | D:3      | Reached skill level 1 in Short Blades
  2344 | D:3      | Found an iron altar of Okawaru.
  2446 | D:3      | Reached XP level 5. HP: 26/28 MP: 4/8
  2494 | D:3      | Reached skill level 1 in Fighting
  2585 | D:4      | Noticed Natasha
  2586 | D:4      | Killed Natasha
  2587 | D:4      | Reached skill level 5 in Stealth
  2600 | D:4      | Noticed a hornet
  2614 | D:4      | Noticed CabbageHands's ghost (amateur HORe)
  2703 | D:4      | Noticed Natasha
  2711 | D:4      | Killed Natasha
  2712 | D:4      | Reached XP level 6. HP: 34/34 MP: 5/9
  2738 | D:4      | Learned a level 3 spell: Summon Guardian Golem
  3062 | D:4      | Noticed Natasha
  3070 | D:4      | Killed Natasha
  3172 | D:4      | Found a transporter.
  3212 | D:4      | Found Alideseo's Book Shop.
  3259 | D:4      | Found a transporter.
  3293 | D:4      | Reached skill level 6 in Stealth
  3343 | D:4      | Reached XP level 7. HP: 26/38 MP: 7/11
  3547 | D:4      | Found a shimmering altar of Xom.
  3833 | D:5      | Entered Level 5 of the Dungeon
  3955 | D:5      | Reached skill level 7 in Stealth
  4156 | D:5      | Reached skill level 8 in Stealth
  4272 | D:5      | Found a staircase to the Ecumenical Temple.
  4381 | D:5      | Reached XP level 8. HP: 39/43 MP: 13/13
  4830 | D:5      | Reached skill level 5 in Dodging
  4830 | D:5      | Reached skill level 9 in Stealth
  5249 | D:5      | Found an ornate altar of the Wu Jian Council.
  5252 | D:5      | Found a burning altar of Makhleb.
  5257 | D:5      | Found a glowing golden altar of the Shining One.
  5711 | D:6      | Identified the ring "Hafec" {rN+ rCorr}
  5741 | D:6      | Identified the +3 scale mail of Caxiah {rC+}
  5767 | Temple   | Entered the Ecumenical Temple
  5824 | Temple   | Became a worshipper of Dithmenos the Shadowed
  5851 | D:6      | Reached skill level 10 in Stealth
  5851 | D:6      | Reached skill level 5 in Summonings
  5994 | D:6      | Found a stormy altar of Qazlal.
  6051 | D:6      | Reached XP level 9. HP: 48/48 MP: 14/14
  6121 | D:7      | Noticed Dowan
  6122 | D:7      | Noticed Duvessa
  6123 | D:7      | Killed Dowan
  6139 | D:7      | Killed Duvessa
  6140 | D:7      | Reached skill level 5 in Short Blades
  6140 | D:7      | Reached skill level 11 in Stealth
  6525 | D:7      | Noticed Menkaure
  6692 | D:7      | Reached skill level 12 in Stealth
  6692 | D:7      | Reached skill level 1 in Hexes
  6845 | D:7      | Noticed a +0 dagger
  6845 | D:7      | Noticed a +0 dagger
  6881 | D:7      | Killed Menkaure
  6947 | D:7      | Found a white marble altar of Elyvilon.
  6996 | D:7      | Found a hide-covered altar of Uskayaw.
  7231 | D:7      | Found an ancient bone altar of Kikubaaqudgha.
  7497 | D:7      | Learned a level 4 spell: Summon Lightning Spire
  7726 | D:8      | Found the amulet of Elemental Vulnerability {rPois rF--
                  | rC-- AC+8}
  7866 | D:8      | Reached XP level 10. HP: 56/56 MP: 16/16
  7898 | D:8      | Reached * piety under Dithmenos
  7899 | D:8      | Reached skill level 13 in Stealth
  8493 | D:8      | Found a sparkling altar of Nemelex Xobeh.
  8700 | D:8      | Reached skill level 5 in Spellcasting
  8753 | D:8      | HP: 2/56 [howler monkey (3)]
  9434 | D:9      | Noticed a komodo dragon
  9438 | D:10     | Entered Level 10 of the Dungeon
  9576 | D:10     | Killed an unseen horror
  9781 | D:10     | Reached skill level 14 in Stealth
  9959 | D:10     | Noticed a two-headed ogre
  9963 | D:10     | Killed a two-headed ogre
  9964 | D:10     | Reached XP level 11. HP: 61/61 MP: 17/19
 10072 | D:10     | Noticed a two-headed ogre
 10074 | D:10     | Killed a two-headed ogre
 10149 | D:10     | Noticed a two-headed ogre
 10150 | D:10     | Noticed a two-headed ogre
 10211 | D:10     | HP: 2/61 [meliai/+0 hand axe (9)]
 10212 | D:10     | Succumbed to a meliai's poison

Illustrated notes

Levels and vault maps discovered:
D:1:      zaba_arrival_water, layout_loops_ring, serial_shops, shop_fountains,
          nicolae_shop_hallway_plus, nicolae_shop_hallway_stairs
D:2:      layout_rooms, basic_altar
D:3:      layout_basic, mainiacjoe_overflow_alcove_1
D:4:      layout_basic, xom_butterflies, gammafunk_ghost_arena, serial_shops,
          kennysheep_little_box, enter_ossuary_4, uniq_natasha
D:5:      layout_basic, grunt_temple_overflow_diamond,
          minmay_temple_entry_from_below_a, nicolae_titane
D:6:      layout_basic, grunt_qazlal_clouds
D:7:      layout_loops_ring, mainiacjoe_overflow_divided_tiny,
          dancing_weapons_uskayaw, uniq_duvessa, uniq_menkaure
D:8:      layout_basic, nemelex_spade_bored_becter, serial_aquarium,
          aquarium_bridge_straight [aquarium_subvault_bridge,
          aquarium_subvault_balcony, aquarium_subvault_bridge,
          aquarium_subvault_balcony], aquarium_bridge_straight
          [aquarium_subvault_bridge, aquarium_subvault_window,
          aquarium_subvault_bridge, aquarium_subvault_window],
          aquarium_window_corner, aquarium_window_fake, aquarium_window_1,
          aquarium_view_2f, aquarium_view_2e, aquarium_balcony_1a
D:9:      layout_rooms, fedhas_ov_isle_minmay, nicolae_ru_the_path_less_chosen,
          david_lair_shrubbed
D:10:     cheibrodos_barr_body, layout_long_grid, old_standard_altar
Temple:   hellmonk_temple_rainy

Skill      XL: |  1  2  3  4  5  6  7  8  9 10 11 |
---------------+----------------------------------+-----
Stealth        | 3 4 5 6 8 10 12 14 | 14.6
Dodging        | 3 4 5 6 9 |  9.4
Short Blades   | 1 2 3 4 5 6 7 |  7.0
Fighting       | 1 2 3 4 |  4.1
Spellcasting   | 3 4 5 |  5.7
Summonings     | 5 6 |  6.4
Hexes          | 1 |  1.4
Air Magic      | |  0.5

Action                   |  1- 3 |  4- 6 |  7- 9 | 10-12 || total
-------------------------+-------+-------+-------+-------++-------
Melee: Unarmed           |    11 |       |       |       ||    11
       Dagger            |    58 |   109 |   276 |   146 ||   589
       Punch             |       |     2 |     6 |     2 ||    10
 Cast: Summon Small Mamm |     9 |       |       |       ||     9
       Call Imp          |     2 |     1 |     2 |     2 ||     7
       Call Canine Famil |     1 |     6 |    10 |    10 ||    27
       Summon Guardian G |       |     1 |     4 |     5 ||    10
       Summon Lightning  |       |       |       |     4 ||     4
  Use: Scroll            |     4 |     3 |     3 |    10 ||    20
       Potion            |       |     2 |     1 |     1 ||     4
 Stab: Sleeping          |    13 |    19 |    26 |     6 ||    64
       Distracted        |     1 |     3 |     5 |     6 ||    15
Armor: Robe              |    15 |     7 |    20 |     8 ||    50
Dodge: Dodged            |    63 |    77 |   166 |   111 ||   417

Table legend: (Time is in decaauts)
 A = Elapsed time spent in this place.
 B = Non-inter-level travel time spent in this place.
 C = Inter-level travel time spent in this place.
 D = Time resting spent in this place.
 E = Time spent auto-exploring this place.
 F = Levels seen in this place.
 G = Mean time per level.
                   A        B        C        D        E       F      G
               +--------+--------+--------+--------+--------+-----+--------+
         Total |  10124 |   9546 |    578 |   1417 |   6361 |  11 |  920.4 |
       Dungeon |  10060 |   9487 |    573 |   1417 |   6311 |  10 | 1006.0 |
        Temple |     63 |     58 |      5 |      0 |     50 |   1 |   63.0 |
               +--------+--------+--------+--------+--------+-----+--------+

Top non-repeatable levels by time:
     D:5: 1557 daAuts
     D:8: 1544 daAuts
     D:7: 1366 daAuts
     D:4: 1246 daAuts
     D:1: 1144 daAuts
     D:3: 1066 daAuts
    D:10: 755 daAuts
     D:6: 547 daAuts
     D:2: 478 daAuts
     D:9: 351 daAuts
  Temple: 63 daAuts
